 Dungeon Crawl Stone Soup version 0.30-a0-414-gcb316572d5 (webtiles) character file.

Game seed: 5300298276346219841

5 IdlyInterested the Grave Robber (level 1, 0/15 HPs)
             Began as a Demonspawn Wanderer on Dec 7, 2022.
             Succumbed to a kobold's poison
             ... on level 1 of the Dungeon.
             The game lasted 00:02:03 (181 turns).

IdlyInterested the Grave Robber (DsWn)               Turns: 181, Time: 00:02:03

Health: 0/15       AC:  7    Str:  8    XL:     1   Next: 66%
Magic:  2/2        EV: 11    Int: 17    God:
Gold:   28         SH:  3    Dex: 12    Spells: 2/2 levels left

rFire   . . .      SeeInvis .    a - +2 dagger
rCold   . . .      Faith    .    c - +0 buckler
rNeg    . . .      Spirit   .    h - +0 leather armour
rPois   .          Reflect  .    (no helmet)
rElec   .          Harm     .    (no cloak)
rCorr   .          Rampage  .    (no gloves)
Will    .....                    (no boots)
Stlth   ++........               (no amulet)
HPRegen 0.22/turn                i - +4 ring of protection
MPRegen 0.08/turn                (no ring)

@: lethally poisoned (0 -> -4)
A: no striking features
a: no special abilities


You were on level 1 of the Dungeon.
You visited 1 branch of the dungeon, and saw 1 of its levels.

You collected 28 gold pieces.

Inventory:

Hand Weapons
 a - a +2 dagger (weapon)
 j - a +2 dagger of venom
Missiles
 f - 4 stones (quivered)
Armour
 c - a +0 buckler (worn)
 e - a +0 robe
 h - a +0 leather armour (worn)
Jewellery
 i - a +4 ring of protection (left hand)
Scrolls
 g - 2 scrolls of identify {unknown}
Potions
 b - a potion of berserk rage
 d - a potion of brilliance


   Skills:
 + Level 1.2 Fighting
 - Level 2.0 Dodging
 - Level 2.0 Stealth
 - Level 1.0 Shields
 - Level 1.0 Spellcasting
 * Level 3.3 Necromancy


You had 2 spell levels left.
You didn't know any spells.
Your spell library contained the following spells:

 Spells                   Type           Power      Damage    Failure   Level
 Sublimation of Blood     Necr           12%        N/A       16%         2
 Cigotuvi's Dreadful Rot  Necr/Pois/Air  8%         N/A       38%         2


Dungeon Overview and Level Annotations

Branches:
Dungeon (1/15)

Altars:


Message History

Press: ? - help, Q - select action Shift-Dir - straight line, f/p - kobold
Aim: a kobold, wielding a +2 dagger of venom and quivering stones (moderately wounded, 47% to hit)
You throw a stone.
The stone hits the kobold but does no damage.
The kobold is moderately wounded.
Throw: 3 stones
Press: ? - help, Q - select action Shift-Dir - straight line, f/p - kobold
Aim: a kobold, wielding a +2 dagger of venom and quivering stones (moderately wounded, 47% to hit)
You throw a stone.
The stone hits the kobold but does no damage.
The kobold is moderately wounded.
The kobold throws a stone.
The stone misses you.
Throw: 2 stones
Press: ? - help, Q - select action Shift-Dir - straight line, f/p - kobold
Aim: a kobold, wielding a +2 dagger of venom and quivering stones (moderately wounded, 47% to hit)
You throw a stone. The stone misses the kobold.
You hit the kobold but do no damage.
The kobold is moderately wounded.
The kobold hits you but does no damage.
You are poisoned.
You closely miss the kobold.
The kobold is moderately wounded.
You feel very sick. The kobold hits you but does no damage.
You are lethally poisoned!
You hit the kobold.
You kill the kobold!
You feel very sick.
Okay, then.
You feel sick.
Things that are here:
a +2 dagger of venom; 3 stones; a kobold corpse
j - a +2 dagger of venom;
f - 4 stones (gained 3)
* * * LOW HITPOINT WARNING * * *
You feel very sick.
* * * LOW HITPOINT WARNING * * *
You feel sick.
* * * LOW HITPOINT WARNING * * *
You feel sick.
You die...

#..########.# #
#.........†.#
..##.##..####.....##
.........# #......#
.##.....# #.....##
.....###.####....##
#.##.# #.##.....##
#.##.###.##.....##
#.##.........@...#
#........##......#
#.##..#####......#
#.##.†# ###.#..#
#.##..##### #.#..#
#.................
#.##..##########>##
#.##..# .# ##.##..#
#


There were no monsters in sight!

Vanquished Creatures
  2 giant cockroaches (D:1)
  A hobgoblin (D:1)
  A kobold (D:1)
  A rat (D:1)
5 creatures vanquished.

Notes
Turn   | Place    | Note
-------+----------+-------------------------------------------
     0 | D:1      | IdlyInterested the Demonspawn Wanderer began the quest for
                  | the Orb.
     0 | D:1      | IdlyInterested set off with the following items: a +2
                  | dagger, a potion of berserk rage, a +0 buckler, a potion of
                  | brilliance, a +0 robe; and the following spells available
                  | to memorise: Sublimation of Blood, Cigotuvi's Dreadful Rot.
     0 | D:1      | Reached XP level 1. HP: 15/15 MP: 2/2
   181 | D:1      | Succumbed to a kobold's poison

Illustrated notes

Levels and vault maps discovered:
D:1:      evilmike_arrival_rings, layout_loops_ring

Skill      XL: |  1 |
---------------+----+-----
Dodging        | 2 |  2.0
Stealth        | 2 |  2.0
Fighting       | |  1.2
Shields        | |  1.0
Spellcasting   | |  1.0
Necromancy     | |  3.3

Action                   || total
-------------------------++-------
Melee: Dagger            ||    12
Throw: Stone             ||     8
 Stab: Sleeping          ||     2
Armor: Leather armour    ||     4
Dodge: Dodged            ||     5

Table legend: (Time is in decaauts)
 A = Elapsed time spent in this place.
 B = Non-inter-level travel time spent in this place.
 C = Inter-level travel time spent in this place.
 D = Time resting spent in this place.
 E = Time spent auto-exploring this place.
 F = Levels seen in this place.
 G = Mean time per level.
                   A        B        C        D        E       F      G
               +--------+--------+--------+--------+--------+-----+--------+
         Total |    182 |    182 |      0 |     16 |     82 |   1 |  182.0 |
       Dungeon |    182 |    182 |      0 |     16 |     82 |   1 |  182.0 |
               +--------+--------+--------+--------+--------+-----+--------+

Top non-repeatable levels by time:
     D:1: 182 daAuts
